 Dungeon Crawl Stone Soup version 0.30-a0-575-g6f4a10e2d2 (webtiles) character file.

Game seed: 1472575601955306698

4499 Ijustatesigmund the Cleaver (level 10, -1/93 HPs)
             Began as a Hill Orc Fighter on Dec 30, 2022.
             Killed from afar by a deep elf pyromancer (25 damage)
             ... with a bolt of fire
             ... on level 8 of the Dungeon.
             The game lasted 00:12:01 (7649 turns).

Ijustatesigmund the Cleaver (Hill Orc Fighter)      Turns: 7649, Time: 00:12:01

Health: -1/93      AC: 12    Str: 24    XL:     10   Next: 38%
Magic:  10/10      EV:  9    Int:  8    God:
Gold:   185        SH:  9    Dex: 10    Spells: 9/9 levels left

rFire   . . .      SeeInvis .    a - +3 war axe (venom)
rCold   + . .      Faith    .    c - +0 kite shield
rNeg    . . .      Spirit   .    h - +1 scale mail "Gaeshuos" {rElec rC+}
rPois   .          Reflect  .    y - +2 helmet
rElec   +          Harm     .    (no cloak)
rCorr   .          Rampage  .    (no gloves)
Will    .....                    (no boots) Stlth
                                 (no amulet)
HPRegen 0.35/turn                (no ring)
MPRegen 0.12/turn                (no ring)

@: hasted, very quick
A: no striking features
a: no special abilities


You were on level 8 of the Dungeon.
You visited 2 branches of the dungeon, and saw 9 of its levels.
You also visited: Bailey.

You collected 524 gold pieces.
You spent 339 gold pieces at shops.

Inventory:

Hand Weapons
 a - a +3 war axe of venom (weapon)
 f - a +1 war axe of venom
 t - a +3 flail
Armour
 c - a +0 kite shield (worn)
 h - the +1 scale mail "Gaeshuos" (worn) {rElec rC+}
   (You bought it in a shop on level 6 of the Dungeon)

   rC:        It protects you from cold.
   rElec:     It insulates you from electricity.
 y - a +2 helmet (worn)
Jewellery
 B - a +6 ring of dexterity
Wands
 k - a wand of charming (4)
 l - a wand of roots (4)
 q - a wand of flame (14)
Scrolls
 g - a scroll of magic mapping
 o - a scroll of blinking
 r - a scroll of fog
 s - a scroll of amnesia
 v - 2 scrolls of fear
 A - 4 scrolls of enchant weapon
 D - 7 scrolls of enchant armour
Potions
 b - 3 potions of mutation {unknown}
 d - a potion of might
 e - a potion of resistance
 i - a potion of cancellation
 j - a potion of attraction
 m - 5 potions of curing {unknown}
 n - a potion of ambrosia {unknown}
 p - a potion of lignification {unknown}
 u - a potion of flight {unknown}
 w - 2 potions of haste
 x - 3 potions of heal wounds {unknown}
 z - 3 potions of magic {unknown}
 C - 2 potions of experience {unknown}


   Skills:
 + Level 10.1 Fighting
 + Level 10.5 Axes
 - Level 7.3 Armour
 + Level 2.8 Dodging
 - Level 7.4 Shields
 - Level 3.3 Evocations


You had 9 spell levels left.
You didn't know any spells.
Your spell library contained the following spells:

 Spells                   Type           Power      Damage    Failure   Level
 Sublimation of Blood     Necr           0%         N/A       98%         2
 Wereblood                Tmut           0%         N/A       98%         2
 Summon Hydra             Summ           0%         N/A       100%        7


Dungeon Overview and Level Annotations

Branches:
Dungeon (8/15)             Temple (1/1) D:6          Bailey (visited)
   Lair: D:8-11

Altars:
Ashenzari
Dithmenos
Elyvilon
Fedhas
Hepliaklqana
Kikubaaqudgha
Makhleb
Nemelex Xobeh
Qazlal
Ru
Sif Muna
Trog
Uskayaw
Wu Jian
Xom
Yredelemnul
Zin
The Shining One

Shops:
D:6 *

Annotations:
D:3 2 transporters, paps's ghost, amateur OpSu


Message History

HP restored.
m - 4 viscous coppery potions (gained 1)
v - 2 scrolls of fear (gained 1)
You now have 185 gold pieces (gained 20).
You see here a +0 mace.
m - 5 viscous coppery potions (gained 1)
You see here 7 stones.
You see here a bullfrog skeleton.
A steam dragon comes into view.
The steam dragon hisses angrily.
The steam dragon moves out of view.
Items here: ))) [[ ÷÷.
A sky beast comes into view.
The deep elf pyromancer shouts!
The deep elf pyromancer points at you and mumbles some strange words.
The bolt of fire hits you!!
Found a Trismegistus Codex.
The sky beast flickers out of sight!
Deactivating autopickup; reactivate with Ctrl-A.
The deep elf pyromancer points at you and mumbles some strange words.
The bolt of fire hits something!!
Reactivating autopickup.
The bolt of fire misses you.
There is an open door here.
The deep elf pyromancer gestures wildly while chanting.
You miss the deep elf pyromancer. You slash the fire elemental!
The deep elf pyromancer casts a spell.
The deep elf pyromancer blinks!
The fire elemental hits you. The fire elemental burns you!
You barely miss the fire elemental.
The fire elemental is moderately damaged.
You hit the fire elemental. The fire elemental hits you.
The fire elemental burns you! The fire elemental closely misses you.
Okay, then.
You feel yourself speed up. The fire elemental hits you.
The fire elemental burns you! The fire elemental hits you.
The fire elemental burns you!
* * * LOW HITPOINT WARNING * * *
The deep elf pyromancer casts a spell at you.
The bolt of fire hits you!!
You die...

#........# *********
#........# *****,,,,,,,,
#......(.# **,,,,,,,,,,,,
###.####.## *,,,,,,,,,,,,,
****#.#**#.÷## *,,,,,,,,,,,,,
*,,,...,,##).# *,,,,,,,,,,,,,
*,,....,,*##.# *,,,,,,,,,,,,,
*,.....,,###'###*,***,,,,,,,,
*......#*#..@E.#*** *****,*,,
#.....*#....E....#* *,*,,
*****,#......○....# *,*,,
*,*#...#####...#* *,**,
*,#......D......# *,**,
*,#.e...........# *,**,
**#:............# *,**,
#......#......# *,**,
*,,,,,,*,,,,,,* *,***


You could see a deep elf pyromancer, 2 fire elementals and a steam dragon.

Vanquished Creatures
  Pikel (D:5)
  Eustachio (D:4)
  A steam dragon (D:8)
  Edmund (D:5)
  2 water moccasins
  10 orc warriors
  2 sky beasts (D:8)
  An ice beast (D:7)
  An ogre (D:5)
  2 centaurs
  A bullfrog (D:5)
  A kobold brigand (D:5)
  2 necrophages
  A scorpion (D:7)
  4 wights (D:8)
  10 killer bees
  A howler monkey (D:8)
  3 jellies
  3 iron imps (D:4)
  2 hounds
  6 orc priests
  5 iguanas
  7 orc wizards
  Terence (D:3)
  A gnoll (D:1)
  5 adders
  2 shadow imps (D:6)
  2 white imps (D:6)
  An ufetubus (D:7)
  A dart slug (D:1)
  40 orcs
  6 endoplasms
  3 giant cockroaches
  9 goblins
  5 hobgoblins
  7 quokkas
  3 ball pythons
  7 bats
  6 frilled lizards
  9 kobolds
  2 rats (D:1)
178 creatures vanquished.

Vanquished Creatures (others)
  A sky beast (D:8)
  A bullfrog (D:8)
  3 orcs (D:8)
5 creatures vanquished.

Grand Total: 183 creatures vanquished

Notes
Turn   | Place    | Note
-------+----------+-------------------------------------------
     0 | D:1      | Ijustatesigmund the Hill Orc Fighter began the quest for
                  | the Orb.
     0 | D:1      | Reached XP level 1. HP: 19/19 MP: 1/1
   161 | D:1      | Reached XP level 2. HP: 22/27 MP: 2/2
   418 | D:1      | Reached XP level 3. HP: 32/34 MP: 3/3
   894 | D:2      | Reached XP level 4. HP: 41/41 MP: 4/4
  1051 | D:2      | Reached skill level 5 in Fighting
  1074 | D:2      | Found a shimmering altar of Xom.
  1540 | D:3      | Found a blossoming altar of Fedhas.
  1564 | D:3      | Found a transporter.
  1566 | D:3      | Noticed paps's ghost (amateur OpSu)
  1616 | D:3      | Found a transporter.
  1660 | D:3      | Noticed Terence
  1672 | D:3      | Killed Terence
  1820 | D:3      | Reached skill level 5 in Axes
  1873 | D:3      | Reached XP level 5. HP: 45/48 MP: 5/5
  2208 | D:4      | Found a glowing golden altar of the Shining One.
  2524 | D:4      | Noticed Eustachio
  2534 | D:4      | Killed Eustachio
  2535 | D:4      | Reached XP level 6. HP: 51/57 MP: 6/6
  2868 | D:4      | Found a burning altar of Makhleb.
  3103 | D:5      | Entered Level 5 of the Dungeon
  3161 | D:5      | Found a shimmering blue altar of Sif Muna.
  3179 | D:5      | Noticed Pikel
  3189 | D:5      | Killed Pikel
  3190 | D:5      | Reached skill level 5 in Armour
  3190 | D:5      | Reached skill level 5 in Shields
  3190 | D:5      | Reached XP level 7. HP: 64/64 MP: 7/7
  3190 | D:5      | Reached XP level 8. HP: 71/71 MP: 8/8
  3741 | D:5      | Noticed Edmund
  3747 | D:5      | Killed Edmund
  4413 | D:6      | Found a staircase to the Ecumenical Temple.
  4452 | Temple   | Entered the Ecumenical Temple
  4952 | D:6      | Found Wuim's Assorted Antiques.
  4957 | D:6      | Bought a distressingly furry scale mail for 261 gold pieces
  4957 | D:6      | Identified the +1 scale mail "Gaeshuos" {rElec rC+} (You
                  | bought it in a shop on level 6 of the Dungeon)
  4968 | D:6      | Bought an inky potion for 26 gold pieces
  4968 | D:6      | Bought a fuming red potion for 26 gold pieces
  4968 | D:6      | Bought a fuming red potion for 26 gold pieces
  4998 | D:6      | Reached XP level 9. HP: 74/81 MP: 9/9
  5001 | D:6      | Reached skill level 1 in Evocations
  6403 | D:8      | Found a flagged portal.
  6412 | Bailey   | Entered a bailey
  6742 | Bailey   | Reached skill level 1 in Dodging
  6747 | Bailey   | Reached XP level 10. HP: 39/91 MP: 10/10
  6977 | Bailey   | Reached skill level 10 in Axes
  7290 | D:8      | Noticed a deep elf pyromancer
  7511 | D:8      | Reached skill level 10 in Fighting
  7649 | D:8      | Killed from afar by a deep elf pyromancer

Illustrated notes

Levels and vault maps discovered:
D:1:      dpeg_arrival_rooms_with_view, layout_basic
D:2:      layout_rooms, basic_altar
D:3:      layout_basic, mainiacjoe_overflow_small_starburst,
          gammafunk_ghost_mausoleum, minmay_tree_intersection, uniq_terence
D:4:      layout_basic, mainiacjoe_overflow_catwalk, demons_altar,
          minmay_misc_feat_cross, uniq_eustachio
D:5:      layout_loops_corners, nicolae_sif_muna_condensation,
          minmay_increasing_density, uniq_pikel, uniq_edmund
D:6:      layout_basic, temple_pool_b, serial_shops, shop
D:7:      layout_loops_cross
D:8:      layout_basic, enter_bailey_2, grunt_potential
Temple:   nicolae_temple_bog_church

Skill      XL: |  1  2  3  4  5  6  7  8  9 10 |
---------------+-------------------------------+-----
Axes           | 3 4 5 7 8 9 10 | 10.5
Fighting       | 4 5 6 8 9 10 | 10.1
Armour         | 4 5 6 7 |  7.3
Shields        | 5 6 7 |  7.4
Evocations     | 3 |  3.3
Dodging        | 1 2 |  2.8

Action                   |  1- 3 |  4- 6 |  7- 9 | 10-12 || total
-------------------------+-------+-------+-------+-------++-------
Melee: War axe           |    68 |   123 |   217 |    61 ||   469
Evoke: Wand              |       |       |     3 |     3 ||     6
  Use: Scroll            |     5 |     7 |     4 |     1 ||    17
       Potion            |       |     1 |       |     1 ||     2
Armor: Scale mail        |    34 |    18 |    92 |    36 ||   180
       Chain mail        |       |    35 |    43 |       ||    78
Dodge: Dodged            |    36 |    39 |    61 |    29 ||   165
Block: Buckler           |    12 |    11 |       |       ||    23
       Kite shield       |       |    29 |   124 |    29 ||   182

Table legend: (Time is in decaauts)
 A = Elapsed time spent in this place.
 B = Non-inter-level travel time spent in this place.
 C = Inter-level travel time spent in this place.
 D = Time resting spent in this place.
 E = Time spent auto-exploring this place.
 F = Levels seen in this place.
 G = Mean time per level.
                   A        B        C        D        E       F      G
               +--------+--------+--------+--------+--------+-----+--------+
         Total |   7786 |   7439 |    347 |   1292 |   4834 |  10 |  778.6 |
       Dungeon |   6733 |   6407 |    326 |    776 |   4556 |   8 |  841.6 |
        Temple |    212 |    191 |     21 |      0 |    178 |   1 |  212.0 |
        Bailey |    841 |    841 |      0 |    516 |     99 |   1 |  841.0 |
               +--------+--------+--------+--------+--------+-----+--------+

Top non-repeatable levels by time:
     D:5: 1232 daAuts
     D:4: 1047 daAuts
     D:6: 992 daAuts
     D:1: 859 daAuts
  Bailey: 841 daAuts
     D:7: 771 daAuts
     D:2: 644 daAuts
     D:3: 619 daAuts
     D:8: 567 daAuts
  Temple: 212 daAuts
